 Dungeon Crawl Stone Soup version 0.27.0-1-g7a089689b8 (webtiles) character file.

Game seed: 11410223421313796034

28 Malachi the Cutter (level 3, -2/23 HPs)
             Began as a Kobold Berserker on Aug 15, 2021.
             Was a Follower of Trog.
             Killed from afar by a dart slug (6 damage)
             ... with a slug dart
             ... on level 2 of the Dungeon.
             The game lasted 00:01:20 (1111 turns).

Malachi the Cutter (Kobold Berserker)               Turns: 1111, Time: 00:01:21

Health: -2/23      AC:  2    Str: 14    XL:     3   Next: 30%
Magic:  3/3        EV: 14    Int:  8    God:    Trog [*.....]
Gold:   66         SH:  4    Dex: 15    Spells: 2/2 levels left

rFire    . . .     SeeInvis .   a - +0 short sword
rCold    . . .     Faith    .   e - +0 buckler
rNeg     . . .     Spirit   .   b - +0 animal skin
rPois    .         Reflect  .   (no helmet)
rElec    .         Harm     .   (no cloak)
rCorr    .         Rampage  .   (no gloves)
Will     .....                  (no boots)
Stlth    +++.......             (no amulet)
HPRegen  0.07/turn              (no ring)
MPRegen  0.08/turn              (no ring)

@: on berserk cooldown
A: small, no large weapons, nightstalker 3
a: Renounce Religion, Berserk


You were on level 2 of the Dungeon.
You worshipped Trog.
Trog was aware of your devotion.
You visited 1 branch of the dungeon, and saw 2 of its levels.

You collected 66 gold pieces.

Inventory:

Hand Weapons
 a - a +0 short sword (weapon)
Armour
 b - a +0 animal skin (worn)
 e - a +0 buckler (worn)
Scrolls
 c - a scroll of acquirement {unknown}
 d - 2 scrolls of blinking {unknown}


   Skills:
 - Level 3.2 Fighting
 * Level 5.2 Short Blades
 - Level 1.5 Armour
 - Level 2.4 Dodging
 * Level 1.6 Stealth
 * Level 0.1 Shields


You had 2 spell levels left.
You didn't know any spells.
Your spell library was empty.

Dungeon Overview and Level Annotations

Branches:
Dungeon (2/15)

Altars:


Innate Abilities, Weirdness & Mutations

You are small and have problems with some larger weapons.
You are completely attuned to the shadows.


Message History

The jackal misses you.
You closely miss the jackal.
The jackal is heavily wounded.
The jackal bites you but does no damage.
You puncture the jackal!
You kill the jackal!
Trog accepts your kill.
You are no longer berserk.
You are exhausted.
You feel yourself slow down.
No target in view!
No target in view!
You start resting.
A rat comes into view.
A rat is nearby!
A rat is nearby!
A rat is nearby!
You start resting.
A dart slug comes into view.
A dart slug is nearby!
A dart slug is nearby!
Things that are here:
a jackal corpse; a jackal corpse; a jackal corpse A worm comes into view.
You hit the worm.
The worm is moderately wounded.
You hit the worm.
The worm is severely wounded.
The worm bites you. The dart slug launches a dart at you.
The slug dart hits you.
You hit the worm.
The worm is severely wounded.
You feel yourself speed up. The worm bites you!
* * * LOW HITPOINT WARNING * * *
The dart slug closely misses you. The dart slug launches a dart at you.
The slug dart hits you.
You die...

............
...........
...###.#.####
.............
.....#.###
###..#.#
###..#†#
.......#
.....@.##
...w.w....
..........
........##
........#
......##.


You could see a worm and a dart slug.

Vanquished Creatures
  A dart slug (D:1)
  An endoplasm (D:1)
  3 giant cockroaches (D:1)
  A goblin (D:1)
  A hobgoblin (D:1)
  7 jackals
  2 kobolds
  A quokka (D:1)
  3 bats (D:1)
  A frilled lizard (D:2)
  2 rats (D:1)
23 creatures vanquished.

Notes
Turn   | Place    | Note
-------+----------+-------------------------------------------
     0 | D:1      | Malachi the Kobold Berserker began the quest for the Orb.
     0 | D:1      | Reached XP level 1. HP: 14/14 MP: 1/1
   286 | D:1      | Found a faded altar of an unknown god.
   529 | D:1      | Reached XP level 2. HP: 19/19 MP: 2/2
   561 | D:1      | Reached skill level 1 in Stealth
   675 | D:1      | Reached skill level 5 in Short Blades
   753 | D:1      | Reached XP level 3. HP: 23/23 MP: 3/3
  1111 | D:2      | Killed from afar by a dart slug

Illustrated notes

Levels and vault maps discovered:
D:1:      dpeg_arrival_oval, layout_loops_ring,
          shapermc_ecumenical_altar_totnotflames, hangedman_abyss_or_decor_stabs
D:2:      layout_basic, minmay_vboxes, uniq_natasha

Skill      XL: |  1  2 |
---------------+-------+-----
Stealth        | 1 |  1.6
Short Blades   | 5 |  5.2
Fighting       | |  3.2
Armour         | |  1.5
Dodging        | |  2.4
Shields        | |  0.1

Action                   || total
-------------------------++-------
Melee: Short sword       ||    55
Invok: Berserk           ||     2
 Stab: Sleeping          ||     9
Armor: Animal skin       ||     4
Dodge: Dodged            ||    30
Block: Buckler           ||     1
